| TOP OF THE 1ST |
|
Charleston RiverDogs batting - Pitching for Cedar Rapids Kernels : RHP Gary Triska
|
|
Pitching: RHP Gary Triska
|
|
|
Batting: LHB Ernesto Abreu
|
0-0: Called Strike 0-1: Swinging Strike 0-2: Foul Ball, location: 2F 0-2: Strikes out looking
|
|
Batting: LHB Marc Durgin
|
0-0: Ball 1-0: Foul Ball, location: 2F 1-1: SINGLE (Groundball, 4D, EV 110.6 MPH)
|
|
Batting: RHB Iften Olujimi
|
Pickoff Play to 1st, Runner tries for 2nd, OUT after rundown. 0-0: Foul Ball, location: 2F 0-1: Ball 1-1: Ball 2-1: SINGLE (Groundball, 6MD, EV 100.6 MPH)
|
|
Batting: RHB Francisco Vargas
|
0-0: Ball Iften Olujimi steals 2nd base 1-0: Ball 2-0: Ball 3-0: Called Strike 3-1: Base on Balls
|
|
Batting: RHB Mike Zern
|
0-0: Called Strike 0-1: Ball 1-1: Foul Ball, location: 2F 1-2: Strikes out looking
|
| Top of the 1st over - 0 runs, 2 hits, 0 errors, 2 left on base; Charleston 0 - Cedar Rapids 0 |
| BOTTOM OF THE 1ST |
|
Cedar Rapids Kernels batting - Pitching for Charleston RiverDogs : LHP Dustin Shaw
|
|
Pitching: LHP Dustin Shaw
|
|
|
Batting: RHB Nick Phipps
|
0-0: Fly out, F7 (Flyball, 78M, EV 88.1 MPH)
|
|
Batting: RHB Tim Carter
|
0-0: Ground out 5-3 (Groundball, 56S, EV 81.9 MPH)
|
|
Batting: LHB Tomas Espino
|
0-0: Called Strike 0-1: Ball 1-1: Swinging Strike 1-2: Ball 2-2: Ground out 5-3 (Groundball, 6, EV 95.0 MPH)
|
| Bottom of the 1st over - 0 runs, 0 hits, 0 errors, 0 left on base; Charleston 0 - Cedar Rapids 0 |
| TOP OF THE 2ND |
|
Charleston RiverDogs batting - Pitching for Cedar Rapids Kernels : RHP Gary Triska
|
|
Batting: RHB Jeff McClellan
|
0-0: Called Strike 0-1: Called Strike 0-2: Foul Ball, location: 2F 0-2: Ball 1-2: Ball 2-2: SINGLE (Groundball, 34D, EV 100.0 MPH)
|
|
Batting: RHB Michael Patterson
|
0-0: Called Strike Jeff McClellan is caught stealing 2nd base 2-4 0-1: Called Strike 0-2: Strikes out looking
|
|
Batting: RHB Bryan Massey
|
0-0: SINGLE (Groundball, 4MD, EV 98.8 MPH)
|
|
Batting: RHB Louwe Starmans
|
0-0: Called Strike 0-1: Ball 1-1: Ball 2-1: SINGLE (Line Drive, 56, EV 98.8 MPH) Bryan Massey to second
|
|
Batting: LHB Ernesto Abreu
|
0-0: Ball 1-0: Ball 2-0: Fielders Choice at 2nd, 5-4 (Groundball, 56, EV 86.9 MPH)
|
| Top of the 2nd over - 0 runs, 3 hits, 0 errors, 2 left on base; Charleston 0 - Cedar Rapids 0 |
| BOTTOM OF THE 2ND |
|
Cedar Rapids Kernels batting - Pitching for Charleston RiverDogs : LHP Dustin Shaw
|
|
Batting: RHB Mike Buchanan
|
0-0: Foul Ball, location: 2F 0-1: Ball 1-1: Ground out 5-3 (Groundball, 5, EV 78.8 MPH)
|
|
Batting: RHB Ruben Serrata
|
0-0: Ball 1-0: Ball 2-0: Swinging Strike 2-1: DOUBLE (Line Drive, 7LD, EV 107.5 MPH)
|
|
Batting: RHB Pat Adams
|
0-0: Swinging Strike 0-1: DOUBLE (Line Drive, 89XD, EV 98.1 MPH) Ruben Serrata scores
|
|
Batting: RHB Jose Gracia
|
0-0: Called Strike 0-1: Fly out, F8 (Line Drive, 8LD, EV 93.1 MPH)
|
|
Batting: RHB Jeremy Witt
|
0-0: Ball 1-0: Fly out, F7 (Flyball, 7D, EV 102.5 MPH)
|
| Bottom of the 2nd over - 1 run, 2 hits, 0 errors, 1 left on base; Charleston 0 - Cedar Rapids 1 |
| TOP OF THE 3RD |
|
Charleston RiverDogs batting - Pitching for Cedar Rapids Kernels : RHP Gary Triska
|
|
Batting: LHB Marc Durgin
|
0-0: Foul Ball, location: 2F 0-1: Fly out, F8 (Flyball, 8RD, EV 95.6 MPH)
|
|
Batting: RHB Iften Olujimi
|
0-0: Foul Ball, location: 2F 0-1: TRIPLE (Line Drive, 89XD, EV 105.6 MPH)
|
|
Batting: RHB Francisco Vargas
|
0-0: Swinging Strike 0-1: Swinging Strike 0-2: Strikes out looking
|
|
Batting: RHB Mike Zern
|
0-0: Ball 1-0: Called Strike 1-1: Foul Ball, location: 2F 1-2: Strikes out swinging
|
| Top of the 3rd over - 0 runs, 1 hit, 0 errors, 1 left on base; Charleston 0 - Cedar Rapids 1 |
| BOTTOM OF THE 3RD |
|
Cedar Rapids Kernels batting - Pitching for Charleston RiverDogs : LHP Dustin Shaw
|
|
Batting: SHB Chris Hull
|
0-0: Ball 1-0: Ball 2-0: Called Strike 2-1: Ball 3-1: Base on Balls
|
|
Batting: RHB Nick Phipps
|
0-0: Fly out, F8 (Line Drive, 8RM, EV 95.0 MPH)
|
|
Batting: RHB Tim Carter
|
0-0: Ball 1-0: Called Strike 1-1: Foul Ball, location: 2F 1-2: Fly out, F7 (Flyball, 7, EV 90.0 MPH)
|
|
Batting: LHB Tomas Espino
|
0-0: Swinging Strike 0-1: Called Strike 0-2: Ball 1-2: Ball 2-2: Foul Ball, location: 2F 2-2: Fielders Choice at 2nd, 5-4 (Groundball, 56, EV 85.0 MPH)
|
| Bottom of the 3rd over - 0 runs, 0 hits, 0 errors, 1 left on base; Charleston 0 - Cedar Rapids 1 |
| TOP OF THE 4TH |
|
Charleston RiverDogs batting - Pitching for Cedar Rapids Kernels : RHP Gary Triska
|
|
Batting: RHB Jeff McClellan
|
0-0: Ball 1-0: Ground out U3 (Groundball, 3, EV 101.2 MPH)
|
|
Batting: RHB Michael Patterson
|
0-0: Called Strike 0-1: Foul Ball, location: 2F 0-2: Ball 1-2: Foul Ball, location: 2F 1-2: Strikes out looking
|
|
Batting: RHB Bryan Massey
|
0-0: Swinging Strike 0-1: SINGLE (Groundball, 6S, EV 98.1 MPH)
|
|
Batting: RHB Louwe Starmans
|
0-0: Foul Ball, location: 2F 0-1: SINGLE (Groundball, 5S, EV 68.1 MPH) (infield hit) Bryan Massey to second
|
|
Batting: LHB Ernesto Abreu
|
0-0: Called Strike 0-1: Ball 1-1: Swinging Strike 1-2: Hit by Pitch Bryan Massey to third Louwe Starmans to second
|
|
Pitching: RHP Cody Bryant
|
|
|
Batting: LHB Marc Durgin
|
0-0: Ball 1-0: Called Strike 1-1: Ball 2-1: Foul Ball, location: 2F 2-2: SINGLE (Line Drive, 7S, EV 93.1 MPH) Bryan Massey scores Louwe Starmans to third Ernesto Abreu to second Runner from 3rd tries for Home, SAFE, throw by LF to home
|
|
Batting: RHB Iften Olujimi
|
0-0: Called Strike 0-1: Foul Ball, location: 2F 0-2: Strikes out swinging
|
| Top of the 4th over - 2 runs, 3 hits, 0 errors, 2 left on base; Charleston 2 - Cedar Rapids 1 |
| BOTTOM OF THE 4TH |
|
Cedar Rapids Kernels batting - Pitching for Charleston RiverDogs : LHP Dustin Shaw
|
|
Batting: RHB Mike Buchanan
|
0-0: Ball 1-0: Foul Ball, location: 2F 1-1: Swinging Strike 1-2: Ball 2-2: Ground out 5-3 (Groundball, 56, EV 85.0 MPH)
|
|
Batting: RHB Ruben Serrata
|
0-0: Ground out 6-3 (Groundball, 56, EV 81.9 MPH)
|
|
Batting: RHB Pat Adams
|
0-0: Called Strike 0-1: Ground out 6-3 (Groundball, 6, EV 86.9 MPH)
|
| Bottom of the 4th over - 0 runs, 0 hits, 0 errors, 0 left on base; Charleston 2 - Cedar Rapids 1 |
| TOP OF THE 5TH |
|
Charleston RiverDogs batting - Pitching for Cedar Rapids Kernels : RHP Cody Bryant
|
|
Batting: RHB Francisco Vargas
|
0-0: Foul Ball, location: 2F 0-1: Ball 1-1: Ball 2-1: Foul Ball, location: 2F 2-2: Fly out, F9 (Flyball, 9S, EV 90.6 MPH)
|
|
Batting: RHB Mike Zern
|
0-0: Called Strike 0-1: Swinging Strike 0-2: Ball 1-2: Ball 2-2: Strikes out swinging
|
|
Batting: RHB Jeff McClellan
|
0-0: Called Strike 0-1: Ball 1-1: Fly out, F9 (Flyball, 9, EV 89.4 MPH)
|
| Top of the 5th over - 0 runs, 0 hits, 0 errors, 0 left on base; Charleston 2 - Cedar Rapids 1 |
| BOTTOM OF THE 5TH |
|
Cedar Rapids Kernels batting - Pitching for Charleston RiverDogs : LHP Dustin Shaw
|
|
Batting: RHB Jose Gracia
|
0-0: Ball 1-0: Ball 2-0: Swinging Strike 2-1: Ground out 4-3 (Groundball, 4M, EV 105.6 MPH)
|
|
Batting: RHB Jeremy Witt
|
0-0: Swinging Strike 0-1: Foul Ball, location: 2F 0-2: Strikes out looking
|
|
Batting: SHB Chris Hull
|
0-0: Ball 1-0: Ball 2-0: Called Strike 2-1: Foul Ball, location: 2F 2-2: SINGLE (Flyball, 89S, EV 88.8 MPH)
|
|
Batting: RHB Nick Phipps
|
0-0: Ball 1-0: Ball 2-0: Called Strike 2-1: Fielders Choice at 2nd, 5-4 (Groundball, 56, EV 91.9 MPH)
|
| Bottom of the 5th over - 0 runs, 1 hit, 0 errors, 1 left on base; Charleston 2 - Cedar Rapids 1 |
| TOP OF THE 6TH |
|
Charleston RiverDogs batting - Pitching for Cedar Rapids Kernels : RHP Cody Bryant
|
|
Batting: RHB Michael Patterson
|
0-0: Ground out 4-3 (Groundball, 34, EV 106.2 MPH)
|
|
Batting: RHB Bryan Massey
|
0-0: Called Strike 0-1: Ground out 5-3 (Groundball, 56, EV 86.9 MPH)
|
|
Batting: RHB Louwe Starmans
|
0-0: Called Strike 0-1: Ball 1-1: Called Strike 1-2: Foul Ball, location: 2F 1-2: Strikes out swinging
|
| Top of the 6th over - 0 runs, 0 hits, 0 errors, 0 left on base; Charleston 2 - Cedar Rapids 1 |
| BOTTOM OF THE 6TH |
|
Cedar Rapids Kernels batting - Pitching for Charleston RiverDogs : LHP Dustin Shaw
|
|
Batting: RHB Tim Carter
|
0-0: Ball 1-0: Ball 2-0: Called Strike 2-1: Foul Ball, location: 2F 2-2: Foul Ball, location: 2F 2-2: Ball 3-2: Base on Balls
|
|
Batting: LHB Tomas Espino
|
0-0: Ball 1-0: Ball 2-0: Called Strike 2-1: Ball 3-1: Fly out, F7 (Flyball, 78D, EV 104.4 MPH)
|
|
Batting: RHB Mike Buchanan
|
0-0: Ball 1-0: Swinging Strike 1-1: Called Strike 1-2: Ball 2-2: Ball 3-2: Fielders Choice at 2nd, 5-4 (Groundball, 5, EV 91.2 MPH)
|
|
Pitching: LHP Cory Musial
|
|
|
Batting: RHB Ruben Serrata
|
0-0: Ball Mike Buchanan is caught stealing 2nd base 2-4
|
| Bottom of the 6th over - 0 runs, 0 hits, 0 errors, 0 left on base; Charleston 2 - Cedar Rapids 1 |
| TOP OF THE 7TH |
|
Charleston RiverDogs batting - Pitching for Cedar Rapids Kernels : RHP Cody Bryant
|
|
Pitching: RHP Andy Symons
|
|
|
Batting: LHB Ernesto Abreu
|
0-0: Foul Ball, location: 2F 0-1: Ball 1-1: Foul Ball, location: 2F 1-2: Foul Ball, location: 2F 1-2: Ground out 4-3 (Groundball, 4, EV 81.2 MPH)
|
|
Batting: LHB Marc Durgin
|
0-0: Ball 1-0: SINGLE (Groundball, 6D, EV 106.2 MPH)
|
|
Batting: RHB Iften Olujimi
|
0-0: Ball Marc Durgin steals 2nd base 1-0: SINGLE (Groundball, 56, EV 106.2 MPH) Marc Durgin to third Runner from 3rd tries for Home, SAFE, throw by LF to home Iften Olujimi to second
|
|
Batting: RHB Francisco Vargas
|
0-0: Ball 1-0: Called Strike 1-1: Ball 2-1: Ball Wild Pitch! Iften Olujimi to third 3-1: SINGLE (Line Drive, 89M, EV 90.0 MPH) Iften Olujimi scores
|
|
Batting: RHB Mike Zern
|
0-0: Called Strike Francisco Vargas is caught stealing 2nd base 2-4 0-1: Foul Ball, location: 2F 0-2: Reached on error, E6 (Groundball, 6S, EV 85.0 MPH)
|
|
Batting: RHB Jeff McClellan
|
0-0: Ball 1-0: Foul Ball, location: 2F 1-1: SINGLE (Groundball, 56, EV 105.0 MPH) (infield hit) Mike Zern to second
|
|
Batting: RHB Michael Patterson
|
0-0: Foul Ball, location: 2F 0-1: Foul Ball, location: 2F 0-2: Strikes out looking
|
| Top of the 7th over - 2 runs, 4 hits, 1 error, 2 left on base; Charleston 4 - Cedar Rapids 1 |
| BOTTOM OF THE 7TH |
|
Cedar Rapids Kernels batting - Pitching for Charleston RiverDogs : LHP Cory Musial
|
|
Batting: RHB Ruben Serrata
|
0-0: Foul Ball, location: 2F 0-1: Swinging Strike 0-2: Strikes out swinging
|
|
Batting: RHB Pat Adams
|
0-0: Ball 1-0: SINGLE (Groundball, 6MD, EV 100.6 MPH)
|
|
Batting: RHB Jose Gracia
|
0-0: Fly out, F8 (Flyball, 8RD, EV 94.4 MPH)
|
|
Batting: RHB Jeremy Witt
|
0-0: Called Strike 0-1: Ball 1-1: Ball 2-1: Called Strike Pat Adams is caught stealing 2nd base 2-4
|
| Bottom of the 7th over - 0 runs, 1 hit, 0 errors, 0 left on base; Charleston 4 - Cedar Rapids 1 |
| TOP OF THE 8TH |
|
Charleston RiverDogs batting - Pitching for Cedar Rapids Kernels : RHP Andy Symons
|
|
Pitching: LHP Josh Armstrong
|
|
|
Batting: RHB Bryan Massey
|
0-0: Called Strike 0-1: Swinging Strike 0-2: Ground out 5-3 (Groundball, 56, EV 102.5 MPH)
|
|
Batting: RHB Louwe Starmans
|
0-0: Ball 1-0: Ball 2-0: Fly out, F7 (Flyball, 7S, EV 79.4 MPH)
|
|
Batting: LHB Ernesto Abreu
|
0-0: Ball 1-0: Foul Ball, location: 2F 1-1: Foul Ball, location: 2F 1-2: Strikes out swinging
|
| Top of the 8th over - 0 runs, 0 hits, 0 errors, 0 left on base; Charleston 4 - Cedar Rapids 1 |
| BOTTOM OF THE 8TH |
|
Cedar Rapids Kernels batting - Pitching for Charleston RiverDogs : LHP Cory Musial
|
|
Now in LF: John Sprenkel
|
|
|
Batting: RHB Jeremy Witt
|
0-0: Called Strike 0-1: Ball 1-1: Ball 2-1: Fly out, F8 (Line Drive, 8RD, EV 96.2 MPH)
|
|
Batting: SHB Chris Hull
|
0-0: Fly out, F4 (Popup, 6MD, EV 70.0 MPH)
|
|
Batting: RHB Nick Phipps
|
0-0: Called Strike 0-1: Foul Ball, location: 2F 0-2: Ball 1-2: Ball 2-2: Strikes out swinging
|
| Bottom of the 8th over - 0 runs, 0 hits, 0 errors, 0 left on base; Charleston 4 - Cedar Rapids 1 |
| TOP OF THE 9TH |
|
Charleston RiverDogs batting - Pitching for Cedar Rapids Kernels : LHP Josh Armstrong
|
|
Batting: LHB Marc Durgin
|
0-0: Ball 1-0: Called Strike 1-1: Foul Ball, location: 2F 1-2: Strikes out swinging
|
|
Batting: RHB Iften Olujimi
|
0-0: Ground out 6-3 (Groundball, 6, EV 102.5 MPH)
|
|
Batting: RHB Francisco Vargas
|
0-0: Ball 1-0: Foul Ball, location: 2F 1-1: Foul Ball, location: 2F 1-2: Strikes out swinging
|
| Top of the 9th over - 0 runs, 0 hits, 0 errors, 0 left on base; Charleston 4 - Cedar Rapids 1 |
| BOTTOM OF THE 9TH |
|
Cedar Rapids Kernels batting - Pitching for Charleston RiverDogs : LHP Cory Musial
|
|
Pitching: RHP Khayyat bin Faruq
|
|
|
Batting: RHB Tim Carter
|
0-0: Called Strike 0-1: Swinging Strike 0-2: Strikes out swinging
|
|
Batting: LHB Tomas Espino
|
0-0: Ball 1-0: Ground out 1-3 (Groundball, 34S, EV 73.1 MPH)
|
|
Batting: RHB Mike Buchanan
|
0-0: Swinging Strike 0-1: Called Strike 0-2: Foul Ball, location: 2F 0-2: Foul Ball, location: 2F 0-2: TRIPLE (Flyball, 78XD, EV 109.4 MPH)
|
|
Batting: RHB Ruben Serrata
|
0-0: Called Strike 0-1: Ball 1-1: Ball 2-1: Fly out, F8 (Flyball, 89M, EV 96.9 MPH)
|
| Bottom of the 9th over - 0 runs, 1 hit, 0 errors, 1 left on base; Charleston 4 - Cedar Rapids 1 |
|